 Dungeon Crawl Stone Soup version 0.30-a0-154-gb106f4c828 (webtiles) character file.

Game seed: 11438229586360431328

91599 Angani the Fetichist (level 17, -10/189 HPs)
             Began as a Meteoran Earth Elementalist on Sept 26, 2022.
             Was a High Priest of Ashenzari.
             Killed from afar by an eleionoma (11 damage)
             ... with a spray of wooden splinters
             ... on level 2 of the Swamp on Sept 27, 2022.
             The game lasted 01:51:04 (11233 turns).

Angani the Fetichist (Meteoran Earth Elementalist) Turns: 11233, Time: 01:51:05

Health: -10/189    AC: 32    Str: 17    XL:     17   Next: 5%
Magic:  10/36      EV: 18    Int: 23    God:    Ashenzari [*****.]
Gold:   747        SH: 10    Dex: 16    Spells: 6/45 levels left

rFire   + . .      SeeInvis +    m - +2 whip of the Fated Oracle {elec, Alch, Range} (curse)
rCold   + . .      Faith    .    E - +3 warlock's mirror {reflect, Cun, Self} (curse)
rNeg    + . .      Spirit   .    (body armour currently unavailable)
rPois   ∞          Reflect  +    L - +1 hat of Puiq {Drain rPois rC+ Will+}
rElec   +          Harm     .    c - +2 cloak "Enlightened Ordeal" {rPois, Bglg, Elem} (curse)
rCorr   .          Rampage  .    (gloves currently unavailable)
Will    +++..      Clarity  +    (boots currently unavailable)
Stlth   +.........               i - amulet "Circumscribed With Me" {RegenMP, Alch, Range} (curse)
HPRegen 0.41/turn                l - ring "Bound Annoyance" {Str+6, Comp, Self} (curse)
MPRegen 0.65/turn                H - ring of Ouranomancy {rF+, Alch, Comp} (curse)

@: statue-form, glowing, very slow
A: slow and powerful, torment resistance 1, boosted hp, sense surroundings 2,
otherworldly, glowing, explore regen
a: End Transformation, Renounce Religion, Shatter the Chains


You were on level 2 of the Swamp.
You worshipped Ashenzari.
Ashenzari was extremely pleased with you.
You were a living statue of rough stone.
You visited 4 branches of the dungeon, and saw 24 of its levels.
You also visited: Trove and Ice Cave.

You collected 2795 gold pieces.
You spent 2048 gold pieces at shops.

Inventory:

Hand Weapons
 m - the cursed +2 whip of the Fated Oracle (weapon) {elec, Alch, Range}
   (You took it off Pikel on level 4 of the Dungeon)

   It occasionally discharges a powerful burst of electricity upon striking a
   foe.
   It has a curse which improves the following skills: Alchemy: Poison Magic and
   Transmutations.
   Ranged Combat: Ranged Weapons and Throwing.
Missiles
 k - 4 throwing nets
 Q - 11 silver javelins
Armour
 c - the cursed +2 cloak "Enlightened Ordeal" (worn) {rPois, Bglg, Elem}
   (You found it on level 1 of the Dungeon)

   It has a curse which improves the following skills: Beguiling: Conjurations,
   Hexes and Translocations.
   Elements:  Fire Magic, Ice Magic, Air Magic and Earth Magic.
 d - the cursed +1 pair of gloves of Supernal Knowledge (melded) {Melee, Elem}
   (You found it on level 1 of the Dungeon)

   It has a curse which improves the following skills: Melee Combat: Short
   Blades, Long Blades, Axes, Maces & Flails, Polearms, Staves and Unarmed
   Combat.
   Elements:  Fire Magic, Ice Magic, Air Magic and Earth Magic.
 t - +0 gold dragon scales
 z - the cursed +0 ring mail "Unveiling Chagrin" (melded) {rElec rF+ rC+ Str+2, Melee, Fort}
   (You bought it in a shop on level 3 of the Dungeon)

   Str:       It affects your strength (+2).
   rF:        It protects you from fire.
   rC:        It protects you from cold.
   rElec:     It insulates you from electricity.
   It has a curse which improves the following skills: Melee Combat: Short
   Blades, Long Blades, Axes, Maces & Flails, Polearms, Staves and Unarmed
   Combat.
   Fortitude: Armour and Shields.
 D - a +2 robe of willpower
 E - the cursed +3 warlock's mirror (worn) {reflect, Cun, Self}
   (You found it on level 11 of the Dungeon)

   It can block and reflect piercing ranged attacks and magical attacks against
   the wielder's willpower.
   It has a curse which improves the following skills: Cunning: Dodging and
   Stealth.
   Introspection: Fighting and Spellcasting.
 L - the +1 hat of Puiq (worn) {Drain rPois rC+ Will+}
   (You found it on level 13 of the Dungeon)

   rC:        It protects you from cold.
   rPois:     It protects you from poison.
   Drain:     It drains your maximum health when unequipped.
   Will:      It increases your willpower.
 O - +0 storm dragon scales
 P - +0 fire dragon scales
Magical Staves
 C - a staff of poison
Jewellery
 i - the cursed amulet "Circumscribed With Me" (around neck) {RegenMP, Alch, Range}
   (You found it on level 4 of the Dungeon)

   [amulet of magic regeneration]

   It increases your rate of magic regeneration.
   It has a curse which improves the following skills: Alchemy: Poison Magic and
   Transmutations.
   Ranged Combat: Ranged Weapons and Throwing.
 l - the cursed ring "Bound Annoyance" (left fist) {Str+6, Comp, Self}
   (You found it on level 1 of the Lair of Beasts)

   [ring of strength]

   Str:       It affects your strength (+6).
   It has a curse which improves the following skills: Companions: Summonings
   and Necromancy.
   Introspection: Fighting and Spellcasting.
 B - an amulet of guardian spirit
 H - the cursed ring of Ouranomancy (right fist) {rF+, Alch, Comp}
   (You found it on level 14 of the Dungeon)

   [ring of protection from fire]

   rF:        It protects you from fire.
   It has a curse which improves the following skills: Alchemy: Poison Magic and
   Transmutations.
   Companions: Summonings and Necromancy.
Wands
 s - a wand of flame (16)
 y - a wand of polymorph (3)
 A - a wand of paralysis (9)
 K - a wand of quicksilver (4)
Scrolls
 e - 4 scrolls of enchant weapon
 f - 3 scrolls of teleportation
 q - 2 scrolls of summoning
 w - 3 scrolls of enchant armour
 x - 3 scrolls of amnesia
 I - 2 scrolls of poison
 J - a scroll of magic mapping
Potions
 a - 4 potions of lignification
 h - 17 potions of curing
 j - 3 potions of ambrosia
 n - 7 potions of mutation
 o - 3 potions of haste
 p - 2 potions of berserk rage
 u - 2 potions of might
 v - 3 potions of attraction
Miscellaneous
 b - a phial of floods
 G - a condenser vane
 M - a box of beasts (inert)


   Skills:
 - Level 8.2(11.7) Fighting
 - Level 10.0(12.2) Dodging
 - Level 1.4(2.9) Stealth
 - Level 10.3 Shields
 + Level 11.1(14.5) Spellcasting
 + Level 10.7(13.0) Conjurations
 - Level 12.0(16.5) Transmutations
 + Level 11.0(13.2) Air Magic
 - Level 12.5(14.8) Earth Magic
 - Level 16.0 Evocations


You had 6 spell levels left.
You knew the following spells:

 Your Spells              Type           Power      Damage    Failure   Level
a - Sandblast             Erth           100%       2d20      0%          1
b - Passwall              Tmut/Erth      60%        N/A       0%          2
c - Stone Arrow           Conj/Erth      100%       3d13      1%          3
d - Petrify               Tmut/Erth      73%        N/A       1%          4
e - Lee's Rapid Deconstr  Erth           35%        3d19*     1%          5
f - Statue Form           Tmut/Erth      48%        N/A       1%          6
g - Arcjolt               Conj/Air       33%        1d43      1%          5
h - Lightning Bolt        Conj/Air       33%        1d51      1%          5
i - Maxwell's Capacitive  Air            33%        ∞         77%         8

Your spell library contained the following spells:

 Spells                   Type           Power      Damage    Failure   Level
 Beastly Appendage        Tmut           100%       N/A       0%          1
 Wereblood                Tmut           75%        N/A       0%          2
 Static Discharge         Conj/Air       100%       2-7/arc   1%          2
 Ignite Poison            Fire/Tmut/Pois 43%        N/A       1%          3
 Spider Form              Tmut/Pois      54%        N/A       1%          3
 Leda's Liquefaction      Hex/Erth       25%        N/A       1%          4
 Sticky Flame             Conj/Fire      47%        2d6       2%          4
 Summon Small Mammal      Summ           72%        N/A       3%          1
 Yara's Violent Unravell  Hex/Tmut       26%        3d11      3%          5
 Call Canine Familiar     Summ           18%        N/A       11%         3
 Confusing Touch          Hex            18%        N/A       11%         3
 Gell's Gravitas          Tloc           18%        N/A       11%         3
 Lesser Beckoning         Tloc           18%        N/A       11%         3
 Summon Guardian Golem    Hex/Summ       18%        N/A       11%         3
 Teleport Other           Tloc           18%        N/A       11%         3
 Enfeeble                 Hex            9%         N/A       100%        7


Dungeon Overview and Level Annotations

Branches:
Dungeon (15/15) Zot: 1254  Temple (0/1) D:6            Lair (5/5) D:11 Zot: 916
  Swamp (2/4) Lair:3 Zot: 1001  Spider (0/4) Lair:3        Slime (0/5) Lair:5
    Orc (2/2) D:10 Zot: 261     Elf (0/3) Orc:2        Vaults (0/5) D:13
  IceCv (visited)
 Depths: D:15

Altars:
Ashenzari
Gozag
Hepliaklqana
Kikubaaqudgha
Nemelex Xobeh
Okawaru
Ru
Uskayaw
Yredelemnul

Shops:
D:3 [[*:   D:8 [(=!?   D:11 ?   Orc:2 ?*

Annotations:
D:7 2 runed translucent doors, 2 transporters, exclusions: 2 doors and downstairs, tensugalgo's ghost, novice TeMo
D:14 6 runed translucent doors, exclusion: 6 doors, Jocataz's ghost, journeyman DsBe; Poqoz's ghost, journeyman GnCA
Lair:5 Snorg


Innate Abilities, Weirdness & Mutations

You are a living statue of rough stone.
Your actions are slow, but your melee attacks are powerful.
You are resistant to unholy torment.
Your maximum health is greatly increased.
You are immune to poison.
Your equipment is partially melded.
You passively map the area around you.
You are easily found by Zot.
You glow in the dark.
You regain HP and MP as you explore.


Message History

* * * LOW HITPOINT WARNING * * *
The eight-headed hydra bites you but does no damage.
You block the eight-headed hydra's attack.
The eight-headed hydra bites you but does no damage. x2
The eight-headed hydra misses you.
The eight-headed hydra bites you but does no damage.
The eleionoma misses you.
The will-o-the-wisp gestures.
The will-o-the-wisp conjures some foxfire!
The eleionoma hurls a spray of splinters at you.
The spray of wooden splinters hits you but does no damage.
The eight-headed hydra bites you but does no damage. x2
The eight-headed hydra misses you. The eight-headed hydra bites you.
* * * LOW HITPOINT WARNING * * *
The eight-headed hydra bites you but does no damage. x4 2 foxfires come into view.
Unknown command.
Casting: Lee's Rapid Deconstruction (mildly dangerous; 1% risk of failure)
Confirm with . or Enter, or press ? or * to list all spells.
Aiming: Lee's Rapid Deconstruction (mildly dangerous; 1% risk of failure)
Press: ? - help, Dir - move target, f - you That beam is likely to hit you.
Continue anyway?
You shatter!!
* * * LOW HITPOINT WARNING * * *
The blast of rock fragments hits the eight-headed hydra!!
You kill the eight-headed hydra!
The blast of rock fragments hits the eleionoma!!
The eleionoma is almost dead.
The blast of rock fragments hits the eleionoma!!
The eleionoma is almost dead.
Your cursed +3 warlock's mirror {reflect, Cun, Self} reflects the foxfire!
The foxfire hits the foxfire.
The foxfire completely resists.
Your cursed +3 warlock's mirror {reflect, Cun, Self} reflects the foxfire!
The foxfire hits the foxfire.
The foxfire completely resists.
The eleionoma hits you.
* * * LOW HITPOINT WARNING * * *
The bunyip howls a warning cry!
The eleionoma hurls a spray of splinters at you.
The spray of wooden splinters hits you!
You die...

* **, * * ♣ , <, ♣♣.
♣♣ ,,, ~~..
♣...♣~♣♣♣♣♣ * ~~
~~≈≈ ♣♣...~.♣♣♣♣ *
~, ≈≈≈≈≈ ♣....~~♣♣♣♣
* ~, ≈≈≈≈≈
*,*♣..~8§♣♣ , ~≈≈~.~
* *♣♣♣§RR§§~♣* ,~
≈≈.<. ~~*
♣♣.v§§~§$♣♣...≈≈≈...
~
♣♣♣x~.§v~~♣...~≈≈≈≈≈
, *
♣~~~~~§§.§~.~≈≈≈≈≈ *
, ♣...~§.~.♣...~~≈~≈
~ ♣......~~.~.....~~
, ♣♣..~~..~...♣♣♣♣♣♣
♣~§~§~.~~.♣* ♣


You could see a bunyip (catching breath), 2 eleionomae and a will-o-the-wisp.

Vanquished Creatures
  Rupert (Lair:3)
  A fenstrider witch (Swamp:2)
  A reaper (IceCv)
  Nessos (D:12)
  A fire dragon (Lair:4)
  8 vault guards (D:13)
  6 hydras
  2 ogre magi
  6 centaur warriors
  6 two-headed ogres
  A deep troll earth mage (D:13)
  4 spriggan berserkers (D:15)
  8 boulder beetles
  4 spriggans (Swamp:2)
  An orc high priest (Orc:2)
  A sixfirhy (Orc:2)
  A swamp dragon (shapeshifter) (D:13)
  A spriggan druid (Swamp:1)
  A bog body (Swamp:1)
  Pikel (D:4)
  2 lindwurms (Lair:4)
  10 wizards (D:11)
  4 orc sorcerers (Orc:2)
  2 orc knights (Orc:2)
  A deep elf pyromancer (D:13)
  4 ugly things (D:13)
  A will-o-the-wisp (Lair:3)
  5 cyclopes
  A salamander (shapeshifter) (D:14)
  3 manticores
  2 ice statues (IceCv)
  2 centaur zombies (D:14)
  An orange demon (Orc:2)
  3 black mambas
  8 cane toads
  3 kobold demonologists (D:12)
  15 rime drakes
  2 anaconda simulacra (IceCv)
  2 unseen horrors (D:11)
  7 ice devils
  2 freezing wraiths (IceCv)
  6 komodo dragons
  A tengu conjurer (D:13)
  A queen bee (D:13)
  8 trolls
  A polar bear (Lair:4)
  5 hornets
  10 meliai
  A tarantella (Lair:3)
  2 tyrant leeches (Swamp:1)
  14 slime creatures
  5 dream sheep (Lair:4)
  2 shadows
  A centaur simulacrum (D:13)
  A vampire (D:10)
  10 wyverns
  5 dire elephant simulacra (IceCv)
  A wraith (D:11)
  13 yaks
  5 basilisks
  A golden eye (shapeshifter) (D:13)
  12 vampire mosquitoes
  10 steam dragons
  A neqoxec (Orc:2)
  A chaos spawn (Orc:2)
  2 wargs (Orc:2)
  2 acid dragons
  2 harpy simulacra (IceCv)
  2 hell hounds (D:14)
  3 swamp worms
  13 water moccasins
  A hydra simulacrum (IceCv)
  A swamp drake (Swamp:1)
  An ice beast (D:7)
  19 orc warriors
  14 wolves
  9 ogres
  13 centaurs
  A lemure (D:4)
  A phantom (D:6)
  Blork the orc (D:4)
  3 kobold brigands
  6 bullfrogs
  A necrophage (D:6)
  3 scorpions
  4 wights (D:7)
  55 killer bees
  19 orc priests
  A hound (D:5)
  2 gnoll boudas
  Ijyb (D:3)
  Natasha (D:3)
  An iguana (D:5)
  15 orc wizards
  11 hell rats
  A spriggan simulacrum (IceCv)
  A polar bear simulacrum (IceCv)
  A troll simulacrum (IceCv)
  Robin (D:3)
  8 gnolls
  4 adders
  A white imp (D:7)
  3 ufetubi
  2 worms (D:2)
  3 dart slugs
  52 orcs
  11 ball pythons
  7 bats
  8 endoplasms
  A giant cockroach (D:2)
  16 goblins
  8 hobgoblins
  11 kobolds
  2 quokkas (D:2)
  2 frilled lizards (D:1)
  3 rats (D:1)
607 creatures vanquished.

Vanquished Creatures (others)
  A wizard (D:11)
  19 foxfires
  16 fungi
  45 plants
81 creatures vanquished.

Grand Total: 688 creatures vanquished

Notes
Turn   | Place    | Note
-------+----------+-------------------------------------------
     0 | D:1      | Angani the Meteoran Earth Elementalist began the quest for
                  | the Orb.
     0 | D:1      | Reached XP level 1. HP: 14/14 MP: 5/5
    59 | D:1      | Reached XP level 2. HP: 20/20 MP: 2/6
    76 | D:1      | Learned a level 2 spell: Passwall
   138 | D:1      | Reached XP level 3. HP: 26/26 MP: 3/8
   158 | D:1      | Found an iron altar of Okawaru.
   342 | D:2      | Found a faded altar of an unknown god.
   350 | D:2      | Prayed at the altar of an unknown god.
   350 | D:2      | Became a worshipper of Ashenzari the Shackled
   428 | D:2      | Reached XP level 4. HP: 33/33 MP: 8/10
   646 | D:3      | Found Raroece's Assorted Antiques.
   651 | D:3      | Bought a scroll labelled JIUCOH HUICWITH for 20 gold pieces
   657 | D:3      | Learned a level 3 spell: Stone Arrow
   662 | D:3      | Learned a level 4 spell: Petrify
   744 | D:3      | Reached XP level 5. HP: 30/38 MP: 2/11
   746 | D:3      | Reached skill level 1 in Conjurations
   796 | D:3      | Noticed Ijyb
   796 | D:3      | Noticed Robin
   803 | D:3      | Killed Ijyb
   817 | D:3      | Reached * piety under Ashenzari
   821 | D:3      | Killed Robin
   822 | D:3      | Reached XP level 6. HP: 43/45 MP: 6/13
   828 | D:3      | Reached skill level 5 in Earth Magic
   855 | D:3      | Found Deorhaur's Armour Emporium.
   861 | D:3      | Noticed Natasha
   863 | D:3      | Killed Natasha
   917 | D:3      | Found Fiuruixo's Book Shoppe.
   960 | D:3      | Found Niwuek's Armour Shoppe.
  1129 | D:4      | Reached ** piety under Ashenzari
  1203 | D:4      | Noticed Pikel
  1229 | D:4      | Killed Pikel
  1230 | D:4      | Reached skill level 5 in Spellcasting
  1230 | D:4      | Reached XP level 7. HP: 15/50 MP: 6/16
  1230 | D:4      | Reached XP level 8. HP: 17/57 MP: 6/17
  1242 | D:4      | Noticed Blork the orc
  1275 | D:4      | Killed Blork the orc
  1276 | D:4      | Reached skill level 5 in Transmutations
  1471 | D:5      | Entered Level 5 of the Dungeon
  1619 | D:5      | Found a broken altar of Ashenzari.
  1621 | D:5      | Found a hazy altar of Hepliaklqana.
  1646 | D:5      | Noticed a steam dragon
  1654 | D:5      | Killed a steam dragon
  1676 | D:5      | Reached skill level 5 in Conjurations
  1801 | D:6      | Gained mutation: You passively map the area around you.
                  | [Meteoran growth]
  1801 | D:6      | Reached XP level 9. HP: 62/62 MP: 8/19
  1836 | D:6      | Reached *** piety under Ashenzari
  2011 | D:6      | Found a staircase to the Ecumenical Temple.
  2142 | D:7      | Found a runed translucent door.
  2143 | D:7      | Found a runed translucent door.
  2148 | D:7      | Upgraded the game from 0.30-a0-142-g7370640ec8 to
                  | 0.30-a0-154-gb106f4c828
  2169 | D:7      | Reached **** piety under Ashenzari
  2174 | D:7      | Found a transporter.
  2175 | D:7      | Noticed tensugalgo's ghost (novice TeMo)
  2177 | D:7      | Identified the +8 giant club of the Valley of Death {holy,
                  | rCorr Dex+2}
  2177 | D:7      | Noticed a two-headed ogre
  2200 | D:7      | Found a transporter.
  2444 | D:8      | Noticed a cyclops
  2446 | D:8      | Killed a cyclops
  2447 | D:8      | Reached skill level 2 in Evocations
  2447 | D:8      | Reached XP level 10. HP: 66/77 MP: 18/24
  2464 | D:8      | Found an opulent altar of Gozag.
  2524 | D:8      | Found a sacrificial altar of Ru.
  2548 | D:8      | Found a hide-covered altar of Uskayaw.
  2601 | D:8      | Found a sparkling altar of Nemelex Xobeh.
  2622 | D:8      | Reached skill level 3 in Evocations
  2685 | D:8      | Found Yxalep Ragu's Jewellery Emporium.
  2689 | D:8      | Found Inop Kue's Magic Scroll Shop.
  2725 | D:8      | Found Dulipe's Antique Armour Shop.
  2736 | D:8      | Found Vuoluef's Antique Weapon Shoppe.
  2751 | D:8      | Found Maho's Distillery.
  2940 | D:9      | Reached skill level 4 in Evocations
  2945 | D:9      | Reached skill level 5 in Dodging
  2989 | D:9      | Noticed a two-headed ogre
  2996 | D:9      | Killed a two-headed ogre
  2997 | D:9      | Reached skill level 5 in Fighting
  2997 | D:9      | Reached skill level 5 in Evocations
  3106 | D:9      | Reached skill level 6 in Evocations
  3106 | D:9      | Reached XP level 11. HP: 92/92 MP: 17/25
  3233 | D:10     | Entered Level 10 of the Dungeon
  3495 | D:10     | Found a staircase to the Orcish Mines.
  3521 | Orc:1    | Entered Level 1 of the Orcish Mines
  3568 | Orc:1    | Reached skill level 7 in Evocations
  3650 | Orc:1    | Noticed a two-headed ogre
  3653 | Orc:1    | Noticed a two-headed ogre
  3655 | Orc:1    | Noticed an ogre mage
  3655 | Orc:1    | Noticed a two-headed ogre
  3662 | Orc:1    | Noticed a two-headed ogre
  3674 | Orc:2    | Entered Level 2 of the Orcish Mines
  3674 | Orc:2    | Noticed an orc sorcerer
  3692 | Orc:1    | Killed an ogre mage
  3700 | Orc:1    | Killed a two-headed ogre
  3702 | Orc:1    | Reached skill level 8 in Evocations
  3704 | Orc:1    | Killed a two-headed ogre
  3708 | Orc:1    | Killed a two-headed ogre
  3713 | Orc:1    | Killed a two-headed ogre
  3715 | Orc:1    | Reached XP level 12. HP: 27/106 MP: 7/26
  3844 | Orc:2    | Reached skill level 9 in Evocations
  3861 | Orc:2    | Paralysed by an orc sorcerer for 5 turns
  3917 | Orc:2    | Noticed an orc knight
  3976 | Orc:2    | Found a staircase to the Elven Halls.
  4023 | Orc:2    | Reached skill level 10 in Dodging
  4061 | Orc:2    | Reached skill level 10 in Evocations
  4164 | Orc:2    | Killed an orc knight
  4165 | Orc:2    | Reached skill level 11 in Evocations
  4176 | Orc:2    | Found Quapneg's Magic Scroll Shop.
  4186 | Orc:2    | Found Usamir's General Store.
  4256 | Orc:2    | Bought a scroll of teleportation for 33 gold pieces
  4258 | Orc:2    | Bought a phial of floods for 560 gold pieces
  4315 | Orc:2    | Reached skill level 12 in Evocations
  4315 | Orc:2    | Noticed a sixfirhy
  4316 | Orc:2    | Killed a sixfirhy
  4323 | Orc:2    | Noticed a demonspawn
  4329 | Orc:2    | Noticed an orc knight
  4332 | Orc:2    | Noticed an orc high priest
  4337 | Orc:2    | Noticed a demonspawn
  4338 | Orc:2    | Killed an orc knight
  4363 | Orc:2    | Noticed an orc high priest
  4364 | Orc:2    | Noticed a sun demon
  4371 | Orc:2    | Killed an orc high priest
  4372 | Orc:2    | Reached skill level 13 in Evocations
  4374 | Orc:2    | Noticed an orc knight
  4376 | Orc:2    | Noticed an orc high priest
  4382 | Orc:2    | Noticed an orc high priest
  4585 | D:3      | Bought the +0 ring mail "Dynet" {rElec rF+ rC+ Str+2} for
                  | 506 gold pieces
  4772 | D:10     | Reached XP level 13. HP: 101/107 MP: 11/25
  4814 | D:10     | Found an iron altar of Okawaru.
  4884 | D:11     | Noticed a boulder beetle
  5081 | D:11     | Reached skill level 14 in Evocations
  5163 | D:11     | Reached skill level 15 in Evocations
  5278 | D:11     | Reached skill level 16 in Evocations
  5278 | D:11     | Found the +3 warlock's mirror {reflect}
  5357 | D:11     | Killed a boulder beetle
  5444 | D:11     | Found Sieleoc's Magic Scroll Shoppe.
  5449 | D:11     | Bought a scroll of blinking for 97 gold pieces
  5449 | D:11     | Bought a scroll of fear for 52 gold pieces
  5518 | D:11     | Noticed a boulder beetle
  5553 | D:11     | Killed a boulder beetle
  5554 | D:11     | Reached skill level 1 in Shields
  5652 | D:11     | Noticed a boulder beetle
  5659 | D:11     | Killed a boulder beetle
  5706 | D:11     | Found a staircase to the Lair.
  5726 | Lair:1   | Entered Level 1 of the Lair of Beasts
  5750 | Lair:1   | Reached skill level 10 in Spellcasting
  5929 | Lair:1   | Learned a level 5 spell: Lee's Rapid Deconstruction
  5936 | Lair:1   | Learned a level 6 spell: Statue Form
  5956 | Lair:1   | Reached ***** piety under Ashenzari
  6021 | Lair:2   | Noticed an eight-headed hydra
  6030 | Lair:2   | Killed an eight-headed hydra
  6031 | Lair:2   | Reached XP level 14. HP: 41/125 MP: 9/32
  6164 | Lair:2   | Found a frozen archway.
  6173 | IceCv    | Entered an ice cave
  6226 | IceCv    | Reached skill level 5 in Shields
  6565 | IceCv    | Noticed a reaper
  6583 | IceCv    | Killed a reaper
  6634 | IceCv    | Identified the cursed +2 cloak "Enlightened Ordeal" {rPois,
                  | Bglg, Elem} (You found it on level 1 of the Dungeon)
  6634 | IceCv    | Identified the cursed +0 helmet "Circumscribed Omen"
                  | {Melee, Evo} (You found it on level 5 of the Dungeon)
  6634 | IceCv    | Identified the cursed +1 pair of gloves of Supernal
                  | Knowledge {Melee, Elem} (You found it on level 1 of the
                  | Dungeon)
  6687 | IceCv    | Glimpsed the power of Zot.
  6875 | Lair:3   | Found a hole to the Spider Nest.
  6942 | Lair:3   | Noticed Rupert
  6945 | Lair:3   | Paralysed by Rupert for 3 turns
  6951 | Lair:3   | Killed Rupert
  6952 | Lair:3   | Reached skill level 10 in Earth Magic
  7041 | Lair:3   | Found a staircase to the Swamp.
  7342 | Lair:4   | Reached skill level 10 in Transmutations
  7763 | Lair:4   | Reached XP level 15. HP: 130/132 MP: 6/33
  7918 | Lair:4   | Identified the +7 plate armour of the Endless Expanse {rF+}
  7993 | Lair:5   | Entered Level 5 of the Lair of Beasts
  7993 | Lair:5   | Noticed Snorg
  8038 | Lair:5   | Found a staircase to the Slime Pits.
  8440 | D:12     | Noticed Nessos
  8451 | D:12     | Killed Nessos
  8679 | D:13     | Found a gate to the Vaults.
  8690 | D:13     | Reached skill level 10 in Shields
  8987 | D:3      | Bought a book of Lightning for 624 gold pieces
  9179 | D:12     | Learned a level 5 spell: Arcjolt
  9185 | D:12     | Learned a level 5 spell: Lightning Bolt
  9194 | D:12     | Learned a level 8 spell: Maxwell's Capacitive Coupling
  9211 | D:13     | Reached skill level 1 in Air Magic
  9373 | D:13     | Reached skill level 5 in Air Magic
  9456 | D:13     | Reached XP level 16. HP: 138/139 MP: 11/34
  9479 | D:14     | Noticed a lich
  9481 | D:14     | Noticed a lich
  9484 | D:14     | Found a runed translucent gate.
  9484 | D:14     | Found a runed translucent gate.
  9484 | D:14     | Found an ancient bone altar of Kikubaaqudgha.
  9484 | D:14     | Found a runed translucent gate.
  9484 | D:14     | Noticed Poqoz's ghost (journeyman GnCA)
  9484 | D:14     | Noticed a lich
  9484 | D:14     | Identified the +1 cloak of Sloth {Dex+7 Stlth-}
  9484 | D:14     | Identified the amulet of Beogh's Inspiration {RegenMP
                  | Regen+ Int-4 Slay+3}
  9484 | D:14     | Noticed a lich
  9556 | D:14     | Found a runed translucent gate.
  9556 | D:14     | Found a runed translucent gate.
  9556 | D:14     | Found a runed translucent gate.
  9556 | D:14     | Noticed Jocataz's ghost (journeyman DsBe)
  9558 | D:14     | Found a basalt altar of Yredelemnul.
  9939 | D:13     | Identified the +1 hat of Puiq {Drain rPois rC+ Will+}
 10316 | D:14     | Reached skill level 10 in Air Magic
 10389 | D:15     | Entered Level 15 of the Dungeon
 10414 | D:15     | Found a portal to a secret trove of treasure.
 10518 | D:11     | Bought 3 scrolls of butterflies for 156 gold pieces
 10611 | D:15     | You paid a toll of 4 scrolls of butterflies to enter a
                  | treasure trove
 10612 | Trove    | Entered a treasure trove
 10614 | Trove    | Identified the +2 longbow of Oenomania {venom, Dex+4}
 10865 | D:15     | Reached skill level 10 in Conjurations
 11066 | Swamp:1  | Entered Level 1 of the Swamp
 11177 | Swamp:2  | Noticed a fenstrider witch
 11181 | Swamp:2  | Killed a fenstrider witch
 11189 | Swamp:2  | Reached XP level 17. HP: 127/146 MP: 4/36
 11233 | Swamp:2  | HP: 3/189 [/Lee's Rapid Deconstruction (27)]
 11233 | Swamp:2  | HP: 1/189 [eleionoma (2)]
 11233 | Swamp:2  | Killed from afar by an eleionoma

Illustrated notes

Levels and vault maps discovered:
D:1:      ncdulo_watergridlock, layout_loops_cross, minmay_hexomino_r4
D:2:      layout_basic, ebering_ecumenical_altar_abandoned
D:3:      wad_pebble_path, layout_loops_ring, serial_shops,
          nicolae_lakefront_shop, shop, nicolae_shop_hallway_stairs, shop,
          nicolae_shop_overgrown_old_shop, uniq_robin, uniq_natasha, uniq_ijyb
D:4:      layout_basic, uniq_pikel, uniq_blork_the_orc
D:5:      layout_gridville, chequers_temple_overflow_statue_of_worship
D:6:      layout_loops_ring, temple_green
D:7:      lemuel_insect_pit, layout_basic, gammafunk_ghost_smash
D:8:      layout_basic, nicolae_gozag_cash_rules_everything_around_me,
          mainiacjoe_overflow_catch_the_wave, nemelex_altar_shiori,
          serial_shops, nicolae_shop_trees, nicolae_shop_advertising_works
          [nicolae_subvault_shop_adworks], shop_fountains, kennysheep_mini_moat,
          nicolae_shop_temple_entry_statues_fountains
D:9:      layout_basic
D:10:     layout_irregular_city, okawaru_altar_gauntlet_db, orc_0_dummy
D:11:     minmay_smoke_and_mirrors, layout_cross, david_lair_shrubbed,
          serial_shops, nicolae_shop_behind_doors, kennysheep_windowed_goal
D:12:     layout_gridville, grunt_ministairs_7, uniq_nessos
D:13:     regret_index_combs_of_tragedy, layout_rooms, erik_vaults_2
D:14:     layout_roguey [special_room_mythical_zoo], gammafunk_ghost_crypt,
          hex_tiny, nicolae_yredelemnul_ghost_church
D:15:     gammafunk_depths_entry_grave, layout_stronghold,
          nicolae_trove_entry_crystal, minmay_guarded_unrand_wrath_of_trog
Lair:1:   layout_regular_city
Lair:2:   layout_misc_corridors, portal_ice_cave_demonic_guard
Lair:3:   layout_small_grid, minmay_swamp_entry_wisps, spider_nest_entry_rubble,
          basic_altar, uniq_rupert
Lair:4:   layout_small_grid, bobbens_dragon_lair_wall, serial_bayou_shore_b
Lair:5:   minmay_lair_end_frog_pond, layout_cave_shapes, slime_entry_1,
          minmay_lair_drake_nest, uniq_snorg
Swamp:1:  nicolae_swamp_ascending_descending, layout_basic_swamp,
          evilmike_swamp_ruin_house_4, infiniplex_staircase_pool
Swamp:2:  layout_falls_marsh, evilmike_swamp_ruin_rubble_1,
          infiniplex_staircase_pool_2
Orc:1:    layout_diamond_mine
Orc:2:    pf_orc_diabolical, layout_caves

Skill      XL: |  1  2  3  4  5  6  7  8  9 10 11 12 13 14 15 16 17 |
---------------+----------------------------------------------------+-----
Spellcasting   | 3 4 5 6 7 10 11 | 11.1
Transmutations | 2 3 4 6 7 10 12 | 12.0
Earth Magic    | 4 6 7 8 11 12 | 12.5
Conjurations   | 1 4 5 6 10 | 10.7
Fighting       | 2 5 8 |  8.2
Dodging        | 3 6 9 10 | 10.0
Evocations     | 2 6 8 13 16 | 16.0
Shields        | 4 8 10 | 10.3
Air Magic      | 6 10 11 | 11.0
Stealth        | |  1.4

Action                   |  1- 3 |  4- 6 |  7- 9 | 10-12 | 13-15 | 16-18 || total
-------------------------+-------+-------+-------+-------+-------+-------++-------
Melee: Whip              |       |       |     2 |    15 |     9 |    12 ||    38
       Punch             |       |       |       |     2 |       |       ||     2
 Cast: Sandblast         |    36 |    72 |    40 |   112 |   133 |    35 ||   428
       Stone Arrow       |       |     1 |    33 |   115 |   418 |   144 ||   711
       Petrify           |       |     1 |     2 |     2 |    19 |     8 ||    32
       Lee's Rapid Decon |       |       |       |       |    62 |    32 ||    94
       Lightning Bolt    |       |       |       |       |     2 |    11 ||    13
       Arcjolt           |       |       |       |       |       |    12 ||    12
       Statue Form       |       |       |       |       |       |     2 ||     2
Invok: Curse Item        |     1 |     2 |     3 |       |     3 |     1 ||    10
       Shatter the Chain |       |       |       |     1 |       |     1 ||     2
Evoke: Wand              |       |       |       |    39 |    30 |    15 ||    84
       Phial of floods   |       |       |       |       |     2 |     1 ||     3
       Box of beasts     |       |       |       |       |       |     1 ||     1
       Condenser vane    |       |       |       |       |       |     1 ||     1
  Use: Scroll            |       |     6 |     1 |     3 |     3 |     7 ||    20
       Potion            |       |     2 |       |     1 |     4 |     5 ||    12
Armor: Robe              |     3 |    10 |     7 |    41 |       |       ||    61
       Ring mail         |       |       |       |     2 |   108 |    47 ||   157
       Skin              |       |       |       |       |       |    67 ||    67
Dodge: Dodged            |     6 |    18 |    12 |    80 |   221 |   153 ||   490
Block: Buckler           |       |       |       |       |   222 |   128 ||   350
       Reflection        |       |       |       |       |    15 |    27 ||    42

Table legend: (Time is in decaauts)
 A = Elapsed time spent in this place.
 B = Non-inter-level travel time spent in this place.
 C = Inter-level travel time spent in this place.
 D = Time resting spent in this place.
 E = Time spent auto-exploring this place.
 F = Levels seen in this place.
 G = Mean time per level.
                   A        B        C        D        E       F      G
               +--------+--------+--------+--------+--------+-----+--------+
         Total |  11499 |   9612 |   1887 |      0 |      0 |  26 |  442.3 |
       Dungeon |   7746 |   6279 |   1467 |      0 |      0 |  15 |  516.4 |
          Lair |   2083 |   1699 |    384 |      0 |      0 |   5 |  416.6 |
         Swamp |    197 |    197 |      0 |      0 |      0 |   2 |   98.5 |
  Orcish Mines |    938 |    902 |     36 |      0 |      0 |   2 |  469.0 |
         Trove |     29 |     29 |      0 |      0 |      0 |   1 |   29.0 |
      Ice Cave |    504 |    504 |      0 |      0 |      0 |   1 |  504.0 |
               +--------+--------+--------+--------+--------+-----+--------+

Top non-repeatable levels by time:
    D:11: 985 daAuts
    D:13: 839 daAuts
  Lair:4: 784 daAuts
    D:10: 718 daAuts
     D:4: 657 daAuts
   Orc:2: 633 daAuts
    D:14: 590 daAuts
  Lair:3: 544 daAuts
     D:8: 515 daAuts
    D:12: 509 daAuts
   IceCv: 504 daAuts
     D:3: 440 daAuts
     D:6: 421 daAuts
     D:7: 400 daAuts
     D:9: 395 daAuts
